 Dungeon Crawl Stone Soup version 0.19.1 (webtiles) character file.

742 Gargoyl the Chopper (level 7, 0/61 HPs)
             Began as a Purple Draconian Abyssal Knight on Dec 6, 2016.
             Was a Priest of Lugonu.
             Slain by Menkaure (9 damage)
             ... on level 4 of the Dungeon.
             The game lasted 00:09:36 (4725 turns).

Gargoyl the Chopper (DrAK)                          Turns: 4725, Time: 00:09:37

Health: 0/61       AC:  9    Str: 16    XL:     7   Next: 47%
Magic:  2/2        EV: 13    Int: 13    God:    Lugonu [***...]
Gold:   179        SH:  6    Dex: 13    Spells: 0 memorised, 6 levels left

rFire  . . .     SeeInvis .     s - +0 hand axe (antimagic)
rCold  . . .     Gourm    .     (armour unavailable)
rNeg   . . .     Faith    .     f - +2 buckler
rPois  .         Spirit   .     (helmet restricted)
rElec  .         Reflect  .     m - +0 cloak
rCorr  .         Harm     .     c - +1 pair of gloves
MR     +....                    (no boots)
Stlth  +.........               (no amulet)
                                q - ring of loudness (curse)
                                e - +3 ring of dexterity

@: short of breath, drained
A: breathe power, unfitting armour, cold-blooded, AC +6
a: Breathe Dispelling Energy, Depart the Abyss, Bend Space, Banish, Renounce
Religion


You were on level 4 of the Dungeon.
You worshipped Lugonu.
Lugonu was most pleased with you.
You were not hungry.

You visited 1 branch of the dungeon, and saw 4 of its levels.
You visited the Abyss 1 time.
You also visited: Sewer.

You collected 179 gold pieces.

Inventory:

Hand Weapons
 a - a +2 hand axe
 i - a +0 spear
 p - the +5 long sword "Janaan" {elec, rC+ Stlth+}
   (You found it on level 4 of the Dungeon)

   Occasionally, upon striking a foe, it will discharge some electrical energy
   and cause terrible harm.
   It protects you from cold.
   It makes you more stealthy.
 s - a +0 antimagic hand axe (weapon)
 v - a +0 war axe
Armour
 c - a +1 pair of gloves (worn)
 f - a +2 buckler (worn)
 m - a +0 cloak (worn)
Jewellery
 e - a +3 ring of dexterity (left hand)
 q - a cursed ring of loudness (right hand)
Scrolls
 n - a scroll of magic mapping
Potions
 g - a potion of brilliance
 o - 2 potions of curing
Comestibles
 b - 6 bread rations
 h - a slice of pizza
 j - 4 meat rations
 r - a royal jelly
 u - 5 fruits


   Skills:
 + Level 5.0(4.6) Fighting
 + Level 5.2(4.8) Axes
 + Level 4.2(3.9) Dodging
 + Level 1.2(0.8) Stealth
 + Level 3.2(2.8) Shields
 + Level 2.1(1.8) Invocations


You had 6 spell levels left.
You didn't know any spells.

Dungeon Overview and Level Annotations

Branches:
Dungeon (4/15)
 Temple: D:4-7

Altars:
Gozag
Okawaru
Trog

Annotations:
D:4 Menkaure


Innate Abilities, Weirdness & Mutations

You can breathe bolts of dispelling energy.
Your rich purple scales are hard. (AC +6)
You cannot fit into any form of body armour.
You are cold-blooded and may be slowed by cold attacks.


Message History

You completely miss Menkaure.
Menkaure is moderately damaged.
You feel better. Menkaure hits you!
* * * LOW HITPOINT WARNING * * *
You fade into invisibility!
Menkaure mumbles some strange words.
Menkaure seems to speed up.
You are very lightly contaminated with residual magic.
It was a potion of cancellation.
Your magical effects are unravelling.
You feel magically purged.
Your magical contamination has completely faded away.
You flicker back into view.
Menkaure hits you but does no damage.
You hit Menkaure.
Menkaure's magic leaks into the air.
Menkaure is moderately damaged.
Menkaure hits you.
* * * LOW HITPOINT WARNING * * *
Menkaure hits you!
You die...

######### ### #.......#
.. ###.#####.# .# #.
#......##.#####
w###.##.#.##........##
.#...M@.#.......##...##
##.#.#.############.....#
#.. $..# #.......#
#.###.. #########.#.....#
#.# #.# #.......#.##...##
#.###.# #.......#.######
#.....# #.......#.#
###..####.......#(###
##.# #........#...#


You could see Menkaure.

Vanquished Creatures
  Purgy (Sewer)
  A necrophage (D:3)
  An ice beast (D:4)
  An eye of draining (D:4)
  An orc priest (D:3)
  An orc wizard (D:4)
  Terence (D:3)
  A worker ant (D:4)
  A hound skeleton (D:4)
  5 adders (D:3)
  7 gnolls
  3 river rats (D:3)
  2 oozes
  A worm (D:2)
  3 dart slugs
  A leopard gecko (D:3)
  14 orcs
  5 ball pythons
  4 giant cockroaches
  10 goblins
  7 hobgoblins
  6 jackals
  14 kobolds
  2 quokkas (D:3)
  8 bats
  6 frilled lizards
  8 rats
  A plant (D:3)
116 creatures vanquished.

Notes
Turn   | Place    | Note
-------+----------+-------------------------------------------
     0 | Abyss:1  | Gargoyl the Draconian Abyssal Knight began the quest for the Orb.
     0 | Abyss:1  | Reached XP level 1. HP: 19/19 MP: 2/2
    33 | Abyss:2  | Noticed a quasit
    60 | Abyss:2  | Noticed a small abomination
    61 | Abyss:2  | Noticed a quasit
    65 | D:1      | Escaped the Abyss
    77 | D:1      | Noticed an elephant
    91 | D:1      | Noticed a four-headed hydra
   189 | D:1      | Reached XP level 2. HP: 25/26 MP: 3/3
   391 | D:1      | Reached * piety under Lugonu
   848 | D:2      | Reached XP level 3. HP: 31/33 MP: 4/4
  1553 | D:3      | Reached ** piety under Lugonu
  1583 | D:3      | Found an iron altar of Okawaru.
  1653 | D:3      | Noticed Terence
  1679 | D:3      | Killed Terence
  1679 | D:3      | Reached XP level 4. HP: 25/40 MP: 5/5
  1904 | D:3      | Found a glowing drain.
  1939 | D:3      | Reached XP level 5. HP: 15/46 MP: 6/6
  1955 | Sewer    | Entered a sewer
  2209 | Sewer    | Noticed Purgy
  2240 | Sewer    | Killed Purgy
  2240 | Sewer    | Reached skill level 1 in Shields
  2372 | D:3      | Reached skill level 1 in Stealth
  2390 | D:3      | Reached XP level 6. HP: 14/53 MP: 7/7
  3808 | D:4      | Noticed an ice beast
  3823 | D:4      | Reached *** piety under Lugonu
  3830 | D:4      | Killed an ice beast
  3830 | D:4      | Your scales start taking on a rich purple colour.
  3830 | D:4      | Reached XP level 7. HP: 36/59 MP: 8/8
  3963 | D:4      | Found a bloodstained altar of Trog.
  3983 | D:4      | Reached skill level 5 in Axes
  4039 | D:4      | Reached skill level 5 in Fighting
  4556 | D:4      | Got a transparent long sword
  4557 | D:4      | Identified the +5 long sword "Janaan" {elec, rC+ Stlth+} (You found it on level 4 of the Dungeon)
  4665 | D:4      | Found an opulent altar of Gozag.
  4668 | D:4      | Identified a +1 rod of clouds (12/12) (You found it in a sewer)
  4717 | D:4      | Noticed Menkaure
  4725 | D:4      | Slain by Menkaure

Skill      XL: |  1  2  3  4  5  6  7 |
---------------+----------------------+-----
Fighting       | 4 5 |  5.0
Axes           | 3 4 5 |  5.2
Dodging        | 3 4 |  4.2
Shields        | 1 2 3 |  3.2
Stealth        | 1 |  1.2
Invocations    | |  2.1

Action                   |  1- 3 |  4- 6 |  7- 9 || total
-------------------------+-------+-------+-------++-------
Melee: Hand axe          |   147 |   286 |    48 ||   481
       Tailslap          |    15 |    41 |     7 ||    63
Invok: Depart the Abyss  |     1 |       |       ||     1
 Abil: Breathe Dispellin |       |       |     7 ||     7
  Use: Scroll            |     5 |     4 |     4 ||    13
       Potion            |     1 |     5 |     3 ||     9
 Stab: Invisible         |       |     3 |       ||     3
  Eat: Chunk             |     2 |     8 |     4 ||    14
Armor: Skin              |    64 |   102 |    12 ||   178
Dodge: Dodged            |    92 |   157 |    22 ||   271
Block: Buckler           |    30 |    84 |    17 ||   131
